 Dungeon Crawl Stone Soup version 0.27-a0-1202-ge72e49191c (webtiles) character file.

Game seed: 17831635051002758699

104 Glokmah the Sneak (level 4, -11/33 HPs)
             Began as an Octopode Monk on June 4, 2021.
             Killed from afar by an orc wizard (14 damage)
             ... with a puff of flame
             ... on level 2 of the Dungeon.
             The game lasted 00:03:04 (2261 turns).

Glokmah the Sneak (Octopode Monk)                   Turns: 2261, Time: 00:03:04

Health: -11/33     AC:  1    Str: 11    XL:     4   Next: 80%
Magic:  13/13      EV: 14    Int: 12    God:
Gold:   126        SH:  0    Dex: 14    Spells: 3/3 levels left

rFire    . . .     SeeInvis .   c - +0 dagger
rCold    . . .     Faith    .   (no shield)
rNeg     + . .     Spirit   .   (helmet restricted)
rPois    .         Reflect  .   (no amulet)
rElec    .         Harm     .   k - ring of magical power
rCorr    .         Rampage  .   n - ring of positive energy
Will     .....                  (no ring)
Stlth    ++++......             (no ring)
HPRegen  0.11/turn              (no ring)
MPRegen  0.13/turn              (no ring)
                                (no ring)
                                (no ring)

@: no status effects
A: almost no armour, amphibious, 8 rings, camouflage 1, gelatinous body 1,
(nimble swimmer 1), tentacles
a: no special abilities


You were on level 2 of the Dungeon.
You visited 1 branch of the dungeon, and saw 3 of its levels.

You collected 126 gold pieces.

Inventory:

Hand Weapons
 c - a +0 dagger (weapon)
Missiles
 a - 3 javelins (quivered)
Jewellery
 g - a ring of ice
 k - a ring of magical power (left tentacle)
 n - a ring of positive energy (right tentacle)
Scrolls
 b - a scroll of teleportation {unknown}
 d - 2 scrolls of magic mapping {unknown}
 e - 2 scrolls of identify {unknown}
 f - 2 scrolls of amnesia {unknown}
 i - a scroll of fog {unknown}
Potions
 h - 3 potions of cancellation {unknown}
 j - a potion of curing {unknown}
 l - a potion of berserk rage {unknown}
 m - a potion of lignification {unknown}
 o - a potion of heal wounds {unknown}


   Skills:
 + Level 3.7 Fighting
 * Level 2.1 Short Blades
 - Level 3.0 Dodging
 + Level 4.1 Stealth
 - Level 3.5 Unarmed Combat


You had 3 spell levels left.
You didn't know any spells.
Your spell library was empty.

Dungeon Overview and Level Annotations

Branches:
Dungeon (3/15)

Altars:

Annotations:
D:3 Jessica


Innate Abilities, Weirdness & Mutations

You cannot wear most types of armour.
You are amphibious.
You can wear up to eight rings at the same time.
Your skin changes colour to match your surroundings (Stealth+).
Your rubbery body absorbs attacks. (AC +1, EV +1)
((You are camouflaged near water. (Stealth+)))
You have tentacles for arms and can constrict up to eight enemies at once.


Message History

You barely miss something.
Your tentacle-slap misses something.
Something hits you.
You hit something but do no damage. Something hits you.
Jessica gestures wildly while chanting.
Jessica seems to speed up.
You hit something but do no damage.
A kobold comes into view. It is wielding a +0 dagger.
Something hits you.
You hit something. The kobold hits you with a +0 dagger. Something hits you.
You hit something but do no damage. The kobold closely misses you.
You hit something. Something hits you. The kobold hits you with a +0 dagger.
You miss something. Your squeeze misses something.
Jessica gestures wildly while chanting.
Jessica blinks!
Something hits you. The kobold closely misses you. Something barely misses you.
The kobold hits you with a +0 dagger.
You climb upwards.
Reactivating autopickup.
There is a stone staircase leading down here.
You hit the kobold but do no damage. You grab the kobold.
You constrict the kobold, but do no damage.
Something hits you.
Deactivating autopickup; reactivate with Ctrl-A.
The kobold hits you with a +0 dagger.
* * * LOW HITPOINT WARNING * * *
You hit the kobold.
The kobold is severely wounded.
You constrict the kobold.
You kill the kobold!
Something hits you.
* * * LOW HITPOINT WARNING * * *
You miss something. Something barely misses you.
You barely miss something. You squeeze something.
Something hits you but does no damage.
You miss something. You squeeze something. Something hits you.
* * * LOW HITPOINT WARNING * * *
You hit something. You squeeze something.
You hear some strange, mumbled words.
A puff of flame appears from out of thin air!
The puff of flame hits you!
You die...

####.#.# #.# #.#.#
#.#### #.#.# #.....
#[#.# ######
#######.#.## ##.....
#..........###.).###
#.#.#####......[....
#.#{# #..#.......#
#.#@# #...........
#.#)#####...........
#...................
#...######.#.#...#.#
#...# #†#.##.####
#...######..†.### #
#..........#..# #
##..########..# #
##..#### #..# #


There were no monsters in sight!

Vanquished Creatures
  3 adders (D:2)
  A worm (D:2)
  3 dart slugs (D:2)
  An orc (D:3)
  8 ball pythons
  7 endoplasms
  3 giant cockroaches
  5 hobgoblins
  7 jackals
  2 bats
  2 frilled lizards
  7 goblins
  7 kobolds
  6 rats
62 creatures vanquished.

Notes
Turn   | Place    | Note
-------+----------+-------------------------------------------
     0 | D:1      | Glokmah the Octopode Monk began the quest for the Orb.
     0 | D:1      | Reached XP level 1. HP: 16/16 MP: 1/1
   264 | D:1      | Reached skill level 3 in Stealth
   264 | D:1      | Reached XP level 2. HP: 21/21 MP: 2/2
   851 | D:1      | Reached XP level 3. HP: 26/26 MP: 3/3
  1120 | D:2      | Reached skill level 1 in Short Blades
  1199 | D:2      | Reached XP level 4. HP: 28/31 MP: 4/4
  1623 | D:2      | Reached skill level 4 in Stealth
  2234 | D:3      | Noticed Jessica
  2261 | D:2      | Killed from afar by an orc wizard

Illustrated notes

Levels and vault maps discovered:
D:1:      minmay_arrival_checkered_box, layout_basic
D:2:      minmay_spotlight, layout_loops_ring, minmay_increasing_density
D:3:      layout_loops_ring, amcnicky_altar_gilded,
          ebering_ecumenical_altar_petrified, uniq_jessica

Skill      XL: |  1  2  3  4 |
---------------+-------------+-----
Stealth        | 3 4 |  4.1
Short Blades   | 1 2 |  2.1
Fighting       | |  3.7
Dodging        | |  3.0
Unarmed Combat | |  3.5

Action                   |  1- 3 |  4- 6 || total
-------------------------+-------+-------++-------
Melee: Unarmed           |    26 |       ||    26
       Constrict         |    16 |    18 ||    34
       Tentacles         |    12 |    18 ||    30
       Punch             |     2 |     2 ||     4
       Dagger            |    32 |    79 ||   111
 Stab: Sleeping          |    11 |     6 ||    17
       Distracted        |       |     1 ||     1
Armor: Skin              |     2 |     4 ||     6
Dodge: Dodged            |    25 |    41 ||    66

Table legend: (Time is in decaauts)
 A = Elapsed time spent in this place.
 B = Non-inter-level travel time spent in this place.
 C = Inter-level travel time spent in this place.
 D = Time resting spent in this place.
 E = Time spent auto-exploring this place.
 F = Levels seen in this place.
 G = Mean time per level.
                   A        B        C        D        E       F      G
               +--------+--------+--------+--------+--------+-----+--------+
         Total |   2251 |   2084 |    167 |    159 |   1454 |   3 |  750.3 |
       Dungeon |   2251 |   2084 |    167 |    159 |   1454 |   3 |  750.3 |
               +--------+--------+--------+--------+--------+-----+--------+

Top non-repeatable levels by time:
     D:2: 1250 daAuts
     D:1: 980 daAuts
     D:3: 20 daAuts
